 Dungeon Crawl Stone Soup version 0.29-a0-322-g68df515428 (webtiles) character file.

Game seed: 11212587676021599921

71 tilp the Chiller (level 4, 19/19 HPs)
             Began as a Felid Ice Elementalist on Apr 5, 2022.
             Quit the game on level 3 of the Dungeon.
             The game lasted 00:03:37 (3486 turns).

tilp the Chiller (Felid Ice Elementalist)           Turns: 3486, Time: 00:03:37

Health: 19/19      AC:  1    Str:  4    XL:     4   Next: 5%
Magic:  9/9        EV: 17    Int: 18    God:
Gold:   146        SH:  0    Dex: 17    Spells: 1/8 levels left
                                        Lives:  0   Deaths: 1

rFire   . . .      SeeInvis +   (weapon unavailable)
rCold   . . .      Faith    .   (shield unavailable)
rNeg    . . .      Spirit   .   (body armour unavailable)
rPois   .          Reflect  .   (helmet unavailable)
rElec   .          Harm     .   (cloak unavailable)
rCorr   .          Rampage  .   (gloves unavailable)
Will    .....                   (boots unavailable)
Stlth   ++........              (no amulet)
HPRegen 0.06/turn               (no ring)
MPRegen 0.11/turn               (no ring)

@: quick
A: very small, claws 1, fangs 3, see invisible, speed 1, shaggy fur 1, stealthy
paws, no weapons or thrown items, no armour, multi-lived
a: no special abilities


You were on level 3 of the Dungeon.
You visited 1 branch of the dungeon, and saw 3 of its levels.

You collected 146 gold pieces.

Inventory:

Wands
 j - a wand of mindburst (13)
Scrolls
 b - a scroll of teleportation
 c - a scroll of blinking {unknown}
 d - a scroll of fog {unknown}
 f - a scroll of identify
 g - a scroll of fear {unknown}
 n - a scroll of magic mapping {unknown}
Potions
 a - a potion of magic
 e - 2 potions of curing
 h - a potion of attraction
 i - a potion of cancellation
 k - a potion of berserk rage {unknown}
 l - a potion of flight {unknown}
 m - 2 potions of heal wounds


   Skills:
 - Level 2.0 Fighting
 - Level 2.6 Dodging
 - Level 2.6 Stealth
 + Level 2.9 Spellcasting
 * Level 4.9 Ice Magic


You had one spell level left.
You knew the following spells:

 Your Spells              Type           Power      Damage    Failure   Level
a - Freeze                Ice            80%        1d9       2%          1
b - Frozen Ramparts       Ice            40%        1d6       6%          3
c - Ozocubu's Armour      Ice            20%        N/A       6%          3

Your spell library contained the following spells:

 Spells                   Type           Power      Damage    Failure   Level
 Hailstorm                Conj/Ice       11%        3d5       52%         4
 Borgnjor's Revivificati  Necr           1%         N/A       100%        8
 Necromutation            Tmut/Necr      1%         N/A       100%        8
 Death's Door             Necr           1%         N/A       100%        9


Dungeon Overview and Level Annotations

Branches:
Dungeon (3/15)

Altars:

Annotations:
D:3 Ijyb


Innate Abilities, Weirdness & Mutations

You have sharp claws.
You have razor-sharp teeth.
You have supernaturally acute eyesight. (SInv)
You cover ground quickly. (Speed+)
You are covered in fur. (AC +1)
Your paws help you pounce on unaware monsters.
You are incapable of wielding weapons or throwing items.
You cannot wear armour.
You gain extra lives every three experience levels.


Message History

Casting: Freeze (safe; 2% risk of failure)
Confirm with . or Enter, or press ? or * to list all spells.
Aiming: Freeze (safe; 2% risk of failure)
Press: ? - help, Shift-Dir - straight line, f/p - adder
Aim: an adder (severely wounded, slow)
You freeze the adder.
The adder is almost dead.
The adder seems to slow down.
The wall freezes the adder.
You kill the adder!
You have reached level 5!
You feel agile.
The frozen ramparts melt away.
You now have 146 gold pieces (gained 7).
f - a scroll of identify Ijyb the Twisted Goblin comes into view.
She is wielding a +0 dagger and carrying a wand of acid (5).
Ijyb is nearby!
Ijyb is nearby!
Ijyb is nearby!
Found a potion of heal wounds.
A kobold comes into view. It is wielding a +0 club.
Found a potion of magic.
You pounce on the unaware helpless Ijyb!
You scratch Ijyb.
Ijyb is lightly wounded.
Ijyb closely misses you.
Unknown command.
Casting: Freeze (safe; 2% risk of failure)
Confirm with . or Enter, or press ? or * to list all spells.
Aiming: Freeze (safe; 2% risk of failure)
Press: ? - help, Shift-Dir - straight line, f - Ijyb
Aim: Ijyb, wielding a +0 dagger, wearing a +0 ring mail and carrying a wand of acid (5) (lightly wounded)
You freeze Ijyb.
Ijyb is moderately wounded.
Ijyb zaps a wand.
The bolt of acid hits you!!
Ouch! That really hurt!
You die...
You are now level 4!
You rejoin the land of the living...
Found a potion of attraction and a scroll of identify.
Are you sure you want to abandon this character and quit the game? (Confirm with "yes".)

#######
...##.....##
.......@...#
............#
..........!.#
............#
............#
............#
..........?.#
...........##


There were no monsters in sight!

Vanquished Creatures
  Crazy Yiuf (D:2)
  Robin (D:2)
  3 adders
  4 dart slugs
  3 ball pythons
  4 bats (D:2)
  11 endoplasms
  A giant cockroach (D:2)
  12 goblins
  5 hobgoblins
  4 jackals (D:1)
  3 quokkas
  A frilled lizard (D:2)
  5 kobolds
  7 rats
65 creatures vanquished.

Notes
Turn   | Place    | Note
-------+----------+-------------------------------------------
     0 | D:1      | tilp the Felid Ice Elementalist began the quest for the
                  | Orb.
     0 | D:1      | Reached XP level 1. HP: 7/7 MP: 4/4
   268 | D:1      | Reached XP level 2. HP: 12/12 MP: 1/6
   718 | D:1      | Reached skill level 4 in Ice Magic
  1032 | D:1      | Reached skill level 1 in Fighting
  1315 | D:2      | Reached XP level 3. HP: 15/15 MP: 4/7
  1319 | D:2      | Learned a level 3 spell: Frozen Ramparts
  1379 | D:2      | Noticed Robin
  1384 | D:2      | Killed Robin
  1755 | D:2      | Learned a level 3 spell: Ozocubu's Armour
  2019 | D:2      | Reached XP level 4. HP: 18/19 MP: 6/8
  2778 | D:2      | Found a runed translucent door.
  2779 | D:2      | Noticed Crazy Yiuf
  3265 | D:2      | Killed Crazy Yiuf
  3401 | D:3      | Reached XP level 5. HP: 22/22 MP: 4/10
  3479 | D:3      | Noticed Ijyb
  3485 | D:3      | Killed from afar by Ijyb
  3486 | D:3      | Reached XP level 4. HP: 0/19 MP: 9/9
  3486 | D:3      | Quit the game

Illustrated notes

Levels and vault maps discovered:
D:1:      dpeg_arrival_tiny_g, layout_basic
D:2:      kb_forest_paths, layout_basic, uniq_robin, uniq_crazy_yiuf_cottage
D:3:      layout_rooms, serial_shops,
          nicolae_shop_temple_entry_statues_fountains, uniq_jessica, uniq_ijyb

Skill      XL: |  1  2  3  4 |
---------------+-------------+-----
Ice Magic      | 4 |  4.9
Fighting       | 1 2 |  2.0
Dodging        | |  2.6
Stealth        | |  2.6
Spellcasting   | |  2.9

Action                   |  1- 3 |  4- 6 || total
-------------------------+-------+-------++-------
Melee: Unarmed           |    29 |    10 ||    39
       Punch             |     1 |       ||     1
       Bite              |     1 |     2 ||     3
 Cast: Freeze            |    52 |    18 ||    70
       Frozen Ramparts   |     3 |     8 ||    11
       Ozocubu's Armour  |       |     1 ||     1
  Use: Scroll            |     1 |     4 ||     5
 Stab: Sleeping          |     8 |     6 ||    14
Armor: Skin              |     3 |     3 ||     6
Dodge: Dodged            |    45 |    10 ||    55

Table legend: (Time is in decaauts)
 A = Elapsed time spent in this place.
 B = Non-inter-level travel time spent in this place.
 C = Inter-level travel time spent in this place.
 D = Time resting spent in this place.
 E = Time spent auto-exploring this place.
 F = Levels seen in this place.
 G = Mean time per level.
                   A        B        C        D        E       F      G
               +--------+--------+--------+--------+--------+-----+--------+
         Total |   3145 |   3112 |     33 |    196 |   2527 |   3 | 1048.3 |
       Dungeon |   3145 |   3112 |     33 |    196 |   2527 |   3 | 1048.3 |
               +--------+--------+--------+--------+--------+-----+--------+

Top non-repeatable levels by time:
     D:2: 1726 daAuts
     D:1: 1306 daAuts
     D:3: 113 daAuts
